 Dungeon Crawl Stone Soup version 0.26-a0-365-g11c2b62 (webtiles) character file.

Game seed: 18432034541095566741

380394 Senshi the Hoplite (level 22, -14/309 HPs)
             Began as a Hill Orc Hunter on July 19, 2020.
             Was the Champion of Makhleb.
             Killed from afar by a shadow dragon (35 damage)
             ... with a bolt of negative energy
             ... on level 5 of the Vaults.
             The game lasted 01:23:48 (39749 turns).

Senshi the Hoplite (Hill Orc Hunter)               Turns: 39749, Time: 01:23:48

Health: -14/309    AC: 28    Str: 32    XL:     22   Next: 49%
Magic:  35/35      EV: 13    Int: 11    God:    Makhleb [******]
Gold:   1739       SH: 27    Dex: 11    Spells: 21/21 levels left

rFire    + + .     SeeInvis .   s - +8 trident of the Octopus King {venom, rElec rPois MR+}
rCold    + + .     Faith    .   w - +1 tower shield
rNeg     . . .     Spirit   .   l - +8 plate armour "Vixu" {Regen+ Str+4}
rPois    +         Reflect  .   N - +2 helmet
rElec    +         Harm     .   u - scarf {rC+ rF+}
rCorr    .                      r - +0 pair of gloves
MR       ++...                  g - +0 pair of boots
Stlth    ..........             p - amulet "Etzuot" {rElec rF+ Regen+ Str+3 Stlth+}
HPRegen  1.41/turn              o - ring of protection from cold
MPRegen  0.24/turn              C - +4 ring of evasion

@: berserking (expiring), marked, constricted, drained, very quick
A: no striking features
}: 3/15 runes: decaying, abyssal, gossamer
a: Minor Destruction, Lesser Servant of Makhleb, Major Destruction, Greater
Servant of Makhleb, Renounce Religion


You were on level 5 of the Vaults.
You worshipped Makhleb.
Makhleb was exalted by your worship.
You visited 6 branches of the dungeon, and saw 36 of its levels.
You visited the Abyss 5 times.

You collected 3653 gold pieces.
You spent 1914 gold pieces at shops.

Inventory:

Hand Weapons
 a - the +9 hand crossbow of the Wizarding Stork {elec, +Blink rC+++ MR- Dex-4}
   (You acquired it on level 3 of the Spider Nest)

   It charges the ammunition it shoots with electricity; occasionally upon a
   hit, such missiles may discharge and cause terrible harm.
   It affects your dexterity (-4).
   It renders you almost immune to cold.
   It affects your resistance to hostile enchantments.
   It lets you blink.
 s - the +8 trident of the Octopus King (weapon) {venom, rElec rPois MR+}
   (You found it on level 4 of the Dungeon)

   It poisons the flesh of those it strikes.
   It insulates you from electricity.
   It protects you from poison.
   It affects your resistance to hostile enchantments.
Missiles
 W - a throwing net (quivered) {!f}
 Z - 1504 bolts
Armour
 g - a +0 pair of boots (worn)
   (You found it on level 4 of the Dungeon)
 l - the +8 plate armour "Vixu" (worn) {Regen+ Str+4}
   (You found it on level 7 of the Dungeon)

   It affects your strength (+4).
   It increases your rate of regeneration.
 r - a +0 pair of gloves (worn)
   (You found it on level 8 of the Dungeon)
 u - a scarf of resistance (worn)
   (You acquired it on level 2 of the Vaults)
 w - a +1 tower shield (worn)
   (You found it on level 7 of the Dungeon)
 N - a +2 helmet (worn)
   (You found it on level 13 of the Dungeon)
Jewellery
 f - an uncursed amulet of regeneration {unknown}
   (You found it on level 1 of the Spider Nest)
 o - a ring of protection from cold (left hand)
   (You took it off an orc priest on level 12 of the Dungeon)
 p - the amulet "Etzuot" (around neck) {rElec rF+ Regen+ Str+3 Stlth+}
   (You bought it in a shop on level 2 of the Orcish Mines)

   [amulet of regeneration]

   It affects your strength (+3).
   It protects you from fire.
   It insulates you from electricity.
   It increases your rate of regeneration.
   It makes you more stealthy.
 z - an uncursed ring of see invisible
   (You found it on level 3 of the Lair of Beasts)
 C - a +4 ring of evasion (right hand)
   (You found it on level 3 of the Spider Nest)
 E - an uncursed ring of flight
   (You found it on level 4 of the Swamp)
 S - an uncursed ring of fire {unknown}
   (You found it on level 4 of the Vaults)
 X - an uncursed ring of resist corrosion
   (You found it on level 2 of the Abyss)
Wands
 c - a wand of disintegration (55)
   (You found it on level 2 of the Lair of Beasts)
 d - a wand of iceblast (37)
   (You found it on level 4 of the Dungeon)
 k - a wand of clouds (21)
   (You found it on level 6 of the Dungeon)
 v - a wand of digging (4)
   (You took it off a yaktaur on level 2 of the Vaults)
 x - a wand of acid (54)
   (You found it on level 7 of the Dungeon)
Scrolls
 h - 8 scrolls of enchant armour
 i - 20 scrolls of remove curse {@r2}
 j - a scroll of teleportation {@r4}
 m - 6 scrolls of magic mapping
 t - a scroll of holy word {unknown}
 y - 4 scrolls of summoning
 F - 2 scrolls of identify {@r1}
 H - 8 scrolls of fog
 I - a scroll of torment {unknown}
 O - 3 scrolls of enchant weapon
 Q - 5 scrolls of immolation {!r}
 R - a scroll of brand weapon
 T - 3 scrolls of silence
 U - a scroll of vulnerability {!r}
Potions
 b - 22 potions of curing {@q1}
 e - 3 potions of heal wounds {@q2}
 n - 2 potions of cancellation
 q - 2 potions of stabbing
 A - 5 potions of brilliance
 B - 4 potions of mutation {!q}
 D - 9 potions of ambrosia
 J - 6 potions of flight
 K - 8 potions of lignification {!q}
 L - 6 potions of might
 P - 6 potions of resistance
 Y - 2 potions of magic


   Skills:
 + Level 19.3(18.3) Fighting
 - Level 14.0(13.1) Polearms
 - Level 10.0(9.2) Crossbows
 - Level 10.0(9.2) Armour
 - Level 10.0(9.2) Dodging
 - Level 0.7(0.1) Stealth
 - Level 25.0(23.9) Shields
 - Level 18.0(17.0) Invocations


You had 21 spell levels left.
You didn't know any spells.
Your spell library contained the following spells:

 Spells                   Type           Power        Failure   Level
 Animate Skeleton         Necr           #.....       95%         1
 Apportation              Tloc           #.....       95%         1
 Pain                     Necr           #...         95%         1
 Sandblast                Erth           #.....       95%         1
 Sting                    Tmut/Pois      #...         95%         1
 Summon Small Mammal      Summ           #...         95%         1
 Call Imp                 Summ           #.......     99%         2
 Ensorcelled Hibernation  Hex/Ice        #.....       99%         2
 Passwall                 Tmut/Erth      #.......     99%         2
 Poisonous Vapours        Pois/Air       #.....       99%         2
 Call Canine Familiar     Summ           #.......     100%        3
 Confusing Touch          Hex            #.......     100%        3
 Gell's Gravitas          Tloc           #.........   100%        3
 Ignite Poison            Fire/Tmut/Pois #.......     100%        3
 Lesser Beckoning         Tloc           #.........   100%        3
 Mephitic Cloud           Conj/Pois/Air  #.......     100%        3
 Stone Arrow              Conj/Erth      #.....       100%        3
 Summon Guardian Golem    Hex/Summ       #.......     100%        3
 Tukima's Dance           Hex            #.......     100%        3
 Vampiric Draining        Necr           #.........   100%        3
 Animate Dead             Necr           #.........   100%        4
 Leda's Liquefaction      Hex/Erth       #.........   100%        4
 Olgreb's Toxic Radiance  Pois           #.......     100%        4
 Petrify                  Tmut/Erth      #.......     100%        4
 Summon Ice Beast         Ice/Summ       #.......     100%        4
 Summon Lightning Spire   Summ/Air       #.......     100%        4
 Agony                    Necr           #.......     100%        5
 Alistair's Intoxication  Tmut/Pois      #.......     100%        5
 Bolt of Magma            Conj/Fire/Erth #.........   100%        5
 Borgnjor's Vile Clutch   Necr/Erth      #.........   100%        5
 Iskenderun's Battlesphe  Conj           #.......     100%        5
 Lee's Rapid Deconstruct  Erth           #.........   100%        5
 Metabolic Englaciation   Hex/Ice        #.........   100%        5
 Silence                  Hex/Air        #.........   100%        5
 Yara's Violent Unravell  Hex/Tmut       #.........   100%        5
 Invisibility             Hex            #.......     100%        6
 Iron Shot                Conj/Erth      #.........   100%        6
 Shadow Creatures         Summ           N/A          100%        6
 Statue Form              Tmut/Erth      #........    100%        6
 Orb of Destruction       Conj           #.........   100%        7
 Spellforged Servitor     Conj/Summ      #.........   100%        7
 Shatter                  Erth           #.........   100%        9


Dungeon Overview and Level Annotations

Branches:
Dungeon (15/15)            Temple (0/1) D:7            Lair (6/6) D:10
  Swamp (4/4) Lair:4       Spider (4/4) Lair:4        Slime (0/5) Lair:6
    Orc (2/2) D:12            Elf (0/3) Orc:2        Vaults (5/5) D:13
  Crypt (0/3) Vaults:3     Depths (0/5) D:15

Altars:
Hepliaklqana
Makhleb
Qazlal
Sif Muna
Trog
Wu Jian
Xom
Yredelemnul
Zin
The Shining One
Jiyva

Shops:
D:8 (   Orc:2 =:?:   Vaults:4 *![:*

Portals:
Abyss: Lair:3


Message History

The tentacled monstrosity constricts you.
The vault sentinel points at you and mumbles some strange words.
The mark upon you grows brighter.
The phantasmal warrior blinks!
The sphinx mumbles some strange words.
You easily resist.
The frost giant casts a spell at you. The bolt of cold hits you! You resist.
* * * LOW HITPOINT WARNING * * *
The bolt of cold hits the freezing wraith.
The freezing wraith completely resists.
You completely miss the tengu reaver.
The freezing wraith hits you but does no damage. x2
The orc knight misses you.
Unknown command.
You puncture the tengu reaver!
The tengu reaver looks as sick as possible!
You block the tentacled monstrosity's attack. x3
* * * LOW HITPOINT WARNING * * *
The tentacled monstrosity constricts you.
The vault sentinel casts a spell at you.
You barely resist. You block the sphinx's attack.
The sphinx closely misses you. The sphinx hits you but does no damage.
Your plate armour "Vixu" prevents you from hitting the tengu reaver.
You block the frost giant's attack. You block the tengu reaver's attack. x3
Unknown command.
You impale the tengu reaver!!
You kill the tengu reaver!
Makhleb accepts your kill.
You feel better.
The fire crab changes into a manticore!
You block the freezing wraith's attack. x2
The vault sentinel blows a loud note on a signal horn!
The vault sentinel casts a spell at you.
The mark upon you grows brighter.
You block the tentacled monstrosity's attack. x2
The tentacled monstrosity tentacle-slaps you but does no damage.
The tentacled monstrosity constricts you.
You puncture the sphinx!
The orc knight hits you but does no damage.
The sphinx hits you but does no damage. You block the sphinx's attack.
The sphinx barely misses you.
Unknown command.
You puncture the sphinx!
The sphinx is poisoned.
The frost giant points at you and mumbles some strange words.
The bolt of cold hits you! You resist.
* * * LOW HITPOINT WARNING * * *
The bolt of cold hits the freezing wraith.
The freezing wraith completely resists.
The shadow dragon breathes negative energy at you.
The bolt of negative energy hits you!!
You feel drained.
You die...

.# .# ..#..# ..#..#
#.#..# .....#
################....#
...............†H...#
...($.........(pXC..#
..............po@H..#
...............W)W..#
################....#
.....# ..#..# ##D#..#
#.#..# ..#..#


You could see a shadow dragon (catching breath), a tentacled monstrosity, a
frost giant (empowered), a sphinx (empowered, very poisoned), an orc knight, 2
vault sentinels, a manticore shaped shifter, a phantasmal warrior and a freezing
wraith.

Vanquished Creatures
  An ancient lich (Abyss:3)
  Sojobo (Vaults:2)
  Saint Roka (Vaults:1)
  Rupert (Vaults:2)
  A titan (Vaults:5)
  A lich (Abyss:1)
  An Executioner (Abyss:3)
  A quicksilver dragon (Vaults:5)
  A sphinx (Vaults:2)
  3 tentacled starspawn
  Agnes (Vaults:2)
  3 tengu reavers
  An ancient champion (Vaults:3)
  6 thorn hunters
  3 ghost moths (Spider:4)
  2 deep elf sorcerers (Vaults:1)
  2 fire giants (Vaults:4)
  8 vault wardens
  5 frost giants
  10 emperor scorpions
  A draconian knight (Abyss:3)
  An orc warlord (Orc:1)
  A spriggan defender (Vaults:3)
  A curse skull (Vaults:3)
  10 ironheart preservers
  A deep elf elementalist (Vaults:5)
  2 very ugly things
  Aizul (Swamp:2)
  4 stone giants
  An entropy weaver (Spider:1)
  4 deep elf demonologists
  A deep elf annihilator (Vaults:2)
  A spark wasp (Spider:4)
  A blizzard demon (Abyss:3)
  A deep elf death mage (Vaults:2)
  A green death (Abyss:3)
  4 ettins
  10 yaktaur captains
  A fire dragon (Vaults:2)
  6 great orbs of eyes
  Erolcha (Orc:1)
  A deep elf high priest (Vaults:5)
  2 ice dragons
  4 catoblepae
  22 vault guards
  3 ghost crabs
  15 hydras
  The ghost of Dupsih the Covert, a journeyman OpEn of Gozag (Lair:3)
  The ghost of Veocoph the Geomancer, a journeyman GrEE of Ashenzari (D:10)
  2 shambling mangroves
  11 two-headed ogres
  3 death knights
  2 deep troll shamans
  10 alligators
  9 centaur warriors
  2 deep troll earth magi
  8 death yaks (Lair:6)
  11 thrashing horrors
  3 ogre magi
  A dancing weapon (Abyss:1)
  7 orc high priests
  Urug (Lair:3)
  7 wretched stars
  A soul eater (Abyss:3)
  Nergalle (Lair:3)
  5 deep elf knights
  2 fire crabs (shapeshifter)
  An unseen horror (shapeshifter) (Vaults:4)
  2 sixfirhies (Abyss:1)
  2 shadow wraiths
  5 unseen horrors
  A death drake (Abyss:1)
  A fire crab (Lair:5)
  2 spriggan druids (Swamp:3)
  A storm dragon skeleton (Vaults:3)
  3 spatial maelstroms
  4 glowing orange brains
  2 wizards (D:13)
  6 deep elf archers
  11 deep trolls
  14 swamp dragons
  A phantasmal warrior (Vaults:3)
  A wolf spider zombie (D:15)
  4 necromancers
  17 orc knights
  42 wolf spiders
  14 orb spiders
  10 ironbrand convokers
  15 large abominations
  35 ugly things
  25 deep elf magi
  2 moths of wrath
  5 orc sorcerers
  A stone giant zombie (Vaults:3)
  3 worldbinders (Abyss:1)
  A fire giant zombie (Vaults:3)
  A cyclops (Vaults:1)
  A frost giant zombie (Abyss:1)
  3 draconians (Abyss:3)
  14 elephants
  A fire giant skeleton (Vaults:3)
  Maurice (D:9)
  3 black mambas
  8 manticores
  Joseph (D:9)
  3 torpor snails
  7 smoke demons
  15 vault sentinels
  An eye of devastation (shapeshifter) (Lair:3)
  A black mamba (shapeshifter) (D:14)
  An apocalypse crab (Abyss:1)
  An orange demon (Abyss:1)
  19 cane toads
  2 rime drakes
  3 centaur skeletons
  2 hellions
  A tormentor (Abyss:2)
  Maggie (D:9)
  2 swamp worm zombies (Swamp:2)
  2 hellwings (Abyss:1)
  2 human zombies (Vaults:3)
  6 komodo dragons
  A komodo dragon (shapeshifter) (Abyss:1)
  36 yaktaurs
  14 demonic crawlers
  2 efreet
  8 freezing wraiths
  2 ice devils
  2 yaktaurs (shapeshifter)
  6 ancient zymes
  A jumping spider (shapeshifter) (Vaults:3)
  A queen bee (Lair:2)
  7 trolls
  28 jumping spiders
  8 tyrant leeches
  6 bog bodies
  A meliai (shapeshifter) (D:14)
  A hornet (shapeshifter) (Vaults:2)
  15 raiju
  18 hornets
  26 slime creatures
  Grinder (D:3)
  4 dream sheep (Lair:5)
  An alligator zombie (Swamp:2)
  2 dream sheep (shapeshifter)
  11 blink frogs
  A hippogriff (shapeshifter) (Abyss:1)
  10 hippogriffs
  A snapping turtle (shapeshifter) (Abyss:1)
  A fire giant simulacrum (Vaults:3)
  2 flying skulls
  A redback (shapeshifter) (Vaults:5)
  31 tarantellas
  3 spriggans
  A spriggan (shapeshifter) (D:15)
  A tarantella (shapeshifter) (Vaults:1)
  An ettin skeleton (Vaults:3)
  59 redbacks
  44 yaks
  2 shadows
  A vampire (Abyss:3)
  Sigmund (D:4)
  A wraith (Abyss:3)
  7 wyverns
  A hog (shapeshifter) (D:15)
  2 ynoxinuls
  A human (shapeshifter) (D:15)
  A basilisk (shapeshifter) (D:15)
  7 golden eyes
  4 basilisks (Lair:2)
  19 humans (D:13)
  A fire bat (Abyss:3)
  A yaktaur simulacrum (Vaults:3)
  3 chaos spawn
  17 vampire mosquitoes
  2 neqoxecs
  Menkaure (D:4)
  10 wargs
  15 swamp worms
  A spatial vortex (Abyss:1)
  10 insubstantial wisps (Swamp:4)
  4 acid dragons
  10 water moccasins
  56 orc warriors
  14 swamp drakes
  7 porcupines
  An ice beast (D:15)
  A phantom (D:11)
  6 sky beasts
  7 necrophages
  23 ogres
  A black bear (D:7)
  11 centaurs
  4 boggarts (Vaults:3)
  9 wolves
  19 crocodiles
  21 bullfrogs
  A deep troll simulacrum (Vaults:3)
  36 killer bees
  35 scorpions
  2 electric eels
  15 wights
  5 howler monkeys
  16 small abominations
  A starcursed mass (Abyss:1)
  8 hounds
  6 quasits
  3 centaur zombies
  6 jellies
  38 orc priests
  A bullfrog zombie (D:12)
  Crazy Yiuf (D:3)
  2 bullfrog skeletons
  3 iguanas
  4 iron imps
  25 orc wizards
  5 worker ants
  2 hound zombies
  A hound skeleton (D:10)
  2 worker ant zombies
  3 gnolls (D:3)
  11 adders
  2 shadow imps
  4 white imps
  5 ufetubi
  2 oozes
  3 adder skeletons
  4 worms
  3 dart slugs
  A leopard gecko (D:8)
  159 orcs
  A giant cockroach (D:3)
  5 goblins (D:3)
  2 hobgoblins
  3 kobolds
  4 quokkas
  3 bats (D:3)
  2 frilled lizards
  2 gnoll zombies (D:9)
  2 jackal skeletons (D:4)
  5 rats
  A fungus (D:3)
  A lurking horror (Abyss:3)
  6 starspawn tentacles
1687 creatures vanquished.

Vanquished Creatures (collateral kills)
  the Lernaean hydra (Swamp:4)
  Roxanne (Spider:2)
  A deep elf demonologist (Vaults:5)
  A hydra (Swamp:4)
  A thrashing horror (Abyss:1)
  Sonja (Lair:6)
  A deep elf knight (Vaults:1)
  An orange demon (Abyss:1)
  A yaktaur (Vaults:1)
  A yak (Lair:6)
  A crocodile (Lair:6)
  An electric eel (Lair:6)
  2 orc priests (Orc:2)
  2 orcs (Orc:2)
16 creatures vanquished.

Vanquished Creatures (others)
  An ironheart preserver (Vaults:2)
  An alligator (Swamp:4)
  A large abomination (Abyss:3)
  A demonic crawler (Spider:4)
  A swamp drake (Swamp:4)
  A boggart (Vaults:3)
  3 small abominations
  A bullfrog (Lair:5)
  2 orcs
  7 briar patches
  A bush (Lair:3)
  2 fungi
  7 plants
  16 starspawn tentacles
45 creatures vanquished.

Grand Total: 1748 creatures vanquished

Notes
Turn   | Place    | Note
-------+----------+-------------------------------------------
     0 | D:1      | Senshi the Hill Orc Hunter began the quest for the Orb.
     0 | D:1      | Reached XP level 1. HP: 18/18 MP: 1/1
   116 | D:1      | You fall into a shaft and drop 1 floor!
   453 | D:2      | Reached XP level 2. HP: 18/25 MP: 2/2
  1037 | D:3      | Reached XP level 3. HP: 30/31 MP: 3/3
  1657 | D:3      | Reached XP level 4. HP: 24/40 MP: 4/4
  2049 | D:3      | Noticed Grinder
  2074 | D:3      | Killed Grinder
  2074 | D:3      | Reached skill level 5 in Fighting
  2074 | D:3      | Reached skill level 5 in Crossbows
  2074 | D:3      | Reached XP level 5. HP: 21/49 MP: 5/5
  2074 | D:3      | Reached XP level 6. HP: 24/56 MP: 6/6
  2629 | D:3      | Found a stormy altar of Qazlal.
  2641 | D:3      | Found a bloodstained altar of Trog.
  2642 | D:3      | Found a glowing silver altar of Zin.
  2643 | D:3      | Found a shimmering altar of Xom.
  2782 | D:3      | Found a runed translucent door.
  2783 | D:3      | Noticed Crazy Yiuf
  2802 | D:3      | Killed Crazy Yiuf
  2978 | D:4      | Noticed Sigmund
  2990 | D:4      | Killed Sigmund
  2990 | D:4      | Reached XP level 7. HP: 35/64 MP: 7/7
  3189 | D:4      | Noticed Menkaure
  3196 | D:4      | Killed Menkaure
  3368 | D:4      | Found the +8 trident of the Octopus King {venom, rElec
                  | rPois MR+}
  3593 | D:4      | You fall into a shaft and drop 3 floors!
  3612 | D:7      | Got a bloodstained plate armour
  3623 | D:7      | Identified the +8 plate armour "Vixu" {Regen+ Str+4} (You
                  | found it on level 7 of the Dungeon)
  3827 | D:6      | Reached skill level 1 in Polearms
  3893 | D:5      | Entered Level 5 of the Dungeon
  3898 | D:5      | Reached XP level 8. HP: 72/74 MP: 8/8
  4180 | D:4      | Found a shimmering blue altar of Sif Muna.
  4180 | D:4      | Found a hazy altar of Hepliaklqana.
  4307 | D:5      | Noticed a troll
  4313 | D:5      | Killed a troll
  4918 | D:6      | Found a glowing golden altar of the Shining One.
  5275 | D:6      | Found a burning altar of Makhleb.
  5396 | D:6      | Became a worshipper of Makhleb the Destroyer
  5442 | D:7      | Reached XP level 9. HP: 83/83 MP: 9/9
  5475 | D:7      | Found a staircase to the Ecumenical Temple.
  5571 | D:7      | Reached skill level 5 in Polearms
  6249 | D:8      | Reached * piety under Makhleb
  6383 | D:8      | Reached skill level 10 in Fighting
  6521 | D:8      | Found Fapog's Antique Weapon Shop.
  6725 | D:9      | Noticed a two-headed ogre
  6732 | D:9      | Killed a two-headed ogre
  6732 | D:9      | Reached XP level 10. HP: 69/94 MP: 10/10
  6954 | D:9      | Noticed Maggie
  6960 | D:9      | Reached ** piety under Makhleb
  6969 | D:9      | Killed Maggie
  7063 | D:9      | Noticed Joseph
  7078 | D:9      | Killed Joseph
  7286 | D:9      | Got an ancient chain mail
  7295 | D:9      | Identified the cursed +0 chain mail of Youthful
                  | Indiscretion {Harm Str+3} (You found it on level 9 of the
                  | Dungeon)
  7311 | D:9      | Found a basalt altar of Yredelemnul.
  7378 | D:9      | Noticed Maurice
  7410 | D:9      | Killed Maurice
  7410 | D:9      | Reached skill level 10 in Crossbows
  7465 | D:10     | Entered Level 10 of the Dungeon
  7556 | D:10     | Found a transporter.
  7568 | D:10     | Noticed a great orb of eyes
  7569 | D:10     | Noticed a glowing orange brain
  7590 | D:10     | Reached *** piety under Makhleb
  7668 | D:10     | Reached skill level 1 in Armour
  7668 | D:10     | Reached XP level 11. HP: 102/102 MP: 11/11
  7687 | D:10     | Reached skill level 10 in Polearms
  7717 | D:10     | Found a large runed translucent door.
  7717 | D:10     | Found a large runed translucent door.
  7722 | D:10     | Noticed Veocoph's ghost (journeyman GrEE)
  7795 | D:10     | Found a staircase to the Lair.
  8160 | D:10     | Killed Veocoph's ghost
  8240 | D:10     | Found a transporter.
  8284 | Lair:1   | Entered Level 1 of the Lair of Beasts
  8443 | Lair:1   | Reached **** piety under Makhleb
  8848 | Lair:2   | Reached skill level 5 in Armour
  9100 | Lair:2   | Reached skill level 5 in Dodging
  9107 | Lair:2   | Reached skill level 1 in Shields
  9139 | Lair:2   | Reached skill level 2 in Shields
  9142 | Lair:2   | Reached XP level 12. HP: 110/110 MP: 12/12
  9164 | Lair:2   | Reached skill level 3 in Shields
  9201 | Lair:2   | Reached skill level 4 in Shields
  9349 | Lair:2   | Reached ***** piety under Makhleb
  9388 | Lair:2   | Noticed a catoblepas
  9406 | Lair:2   | Killed a catoblepas
  9406 | Lair:2   | Reached skill level 5 in Shields
  9701 | Lair:2   | Reached skill level 6 in Shields
 10163 | Lair:3   | Found a one-way gate to the infinite horrors of the Abyss.
 10163 | Lair:3   | Noticed Dupsih's ghost (journeyman OpEn)
 10253 | Lair:3   | Noticed a thrashing horror
 10257 | Lair:3   | Found a transporter.
 10296 | Lair:3   | Reached skill level 7 in Shields
 10366 | Lair:3   | Noticed Nergalle
 10389 | Lair:3   | Killed Nergalle
 10416 | Lair:3   | Found a transporter.
 10527 | Lair:3   | Identified the +1 trident of Dismemberment {distort, +Fly
                  | Int+10}
 10527 | Lair:3   | Noticed a spriggan rider
 10560 | Lair:3   | Noticed a thrashing horror
 10791 | Lair:3   | Noticed Urug
 10809 | Lair:3   | Killed Urug
 10809 | Lair:3   | Reached skill level 8 in Shields
 11059 | Lair:4   | Reached XP level 13. HP: 116/116 MP: 13/13
 11158 | Lair:4   | Found a hole to the Spider Nest.
 11325 | Lair:4   | Reached skill level 9 in Shields
 11371 | Lair:4   | Found a staircase to the Swamp.
 11393 | Lair:4   | Reached skill level 1 in Invocations
 11934 | Lair:5   | Reached skill level 10 in Shields
 11934 | Lair:5   | Reached skill level 5 in Invocations
 12608 | Lair:6   | Entered Level 6 of the Lair of Beasts
 12626 | Lair:6   | Noticed Sonja
 12636 | Lair:6   | Cast into level 1 of the Abyss (Sonja)
 12655 | Abyss:1  | Found a corrupted altar of Lugonu.
 12730 | Abyss:1  | Reached skill level 11 in Shields
 12940 | Abyss:1  | Reached XP level 14. HP: 111/124 MP: 20/20
 13162 | Abyss:1  | Noticed a starcursed mass
 13171 | Abyss:1  | Paralysed by accursed screaming for 2 turns
 13318 | Abyss:1  | Reached skill level 12 in Shields
 13385 | Abyss:1  | Reached skill level 10 in Invocations
 13475 | Abyss:1  | Reached ****** piety under Makhleb
 13478 | Abyss:1  | Noticed a lich
 13507 | Abyss:1  | Killed a lich
 13516 | Abyss:1  | Noticed a tentacled starspawn
 13558 | Abyss:1  | Noticed a starcursed mass
 13580 | Abyss:1  | Found a corrupted altar of Lugonu.
 13585 | Abyss:1  | Noticed a tentacled starspawn
 13600 | Abyss:1  | Killed a tentacled starspawn
 13974 | Abyss:1  | Reached skill level 13 in Shields
 14105 | Abyss:1  | Noticed a tentacled starspawn
 14322 | Abyss:1  | Noticed a tentacled starspawn
 14346 | Abyss:1  | Killed a tentacled starspawn
 14582 | Lair:6   | Escaped the Abyss
 14597 | Lair:6   | Killed Sonja
 14842 | Lair:6   | Found a staircase to the Slime Pits.
 14842 | Lair:6   | Found a viscous altar of Jiyva.
 14899 | Lair:6   | Reached XP level 15. HP: 126/128 MP: 24/24
 15050 | Lair:6   | Reached skill level 14 in Shields
 15196 | Lair:6   | Got a translucent rapier
 15349 | Lair:6   | Got an encrusted mace
 15444 | Lair:6   | Identified the +8 mace of the Median {vamp, rPois rN+ Dex+3
                  | Stlth-} (You found it on level 6 of the Lair of Beasts)
 15445 | Lair:6   | Identified the +3 rapier "Arcanum" {vorpal, *Slow rElec
                  | rPois Str-5} (You found it on level 6 of the Lair of
                  | Beasts)
 16114 | D:11     | Got a crude robe
 16600 | D:12     | Reached skill level 15 in Shields
 16982 | D:12     | Found a staircase to the Orcish Mines.
 17864 | D:13     | Found a gate to the Vaults.
 18542 | D:14     | Reached XP level 16. HP: 143/143 MP: 25/25
 19292 | D:15     | Entered Level 15 of the Dungeon
 19295 | D:15     | Reached skill level 16 in Shields
 19309 | D:15     | Reached skill level 15 in Fighting
 20144 | D:15     | Reached skill level 17 in Shields
 20204 | D:15     | Found a staircase to the Depths.
 20390 | Orc:1    | Entered Level 1 of the Orcish Mines
 20757 | Orc:1    | Noticed Erolcha
 20862 | Orc:1    | Killed Erolcha
 21158 | Orc:2    | Entered Level 2 of the Orcish Mines
 21316 | Orc:2    | Reached skill level 18 in Shields
 21337 | Orc:2    | Found a staircase to the Elven Halls.
 22480 | Orc:2    | Found Canwaf's Jewellery Shoppe.
 22483 | Orc:2    | Found Zypt's Magic Scroll Emporium.
 22484 | Orc:2    | Found Coleg's Book Shoppe.
 22485 | Orc:2    | Found Tyri Emo's Book Shoppe.
 22489 | Orc:2    | Bought a scroll of enchant weapon for 90 gold pieces
 22489 | Orc:2    | Bought a scroll of teleportation for 36 gold pieces
 22489 | Orc:2    | Bought 3 scrolls of identify for 72 gold pieces
 22489 | Orc:2    | Bought a scroll of identify for 24 gold pieces
 22489 | Orc:2    | Bought a scroll of fog for 24 gold pieces
 22489 | Orc:2    | Bought a scroll of blinking for 90 gold pieces
 22489 | Orc:2    | Bought 2 scrolls of identify for 48 gold pieces
 22492 | Orc:2    | Bought the amulet "Etzuot" {rElec rF+ Regen+ Str+3 Stlth+}
                  | for 721 gold pieces
 22527 | Orc:2    | Bought a scroll of amnesia for 42 gold pieces
 22527 | Orc:2    | Bought a scroll of summoning for 114 gold pieces
 22844 | D:10     | Reached skill level 19 in Shields
 22844 | D:10     | Reached XP level 17. HP: 156/156 MP: 26/26
 23000 | Lair:3   | Cast into level 2 of the Abyss (spriggan rider)
 23043 | Abyss:2  | Noticed a tentacled starspawn
 23067 | Abyss:2  | Killed a tentacled starspawn
 23111 | Lair:3   | Escaped the Abyss
 23159 | Lair:3   | Killed Dupsih's ghost
 23256 | Swamp:1  | Entered Level 1 of the Swamp
 24130 | Swamp:2  | Reached skill level 20 in Shields
 24342 | Swamp:2  | Noticed Aizul
 24380 | Swamp:2  | Killed Aizul
 25248 | Swamp:3  | Reached skill level 21 in Shields
 25590 | Swamp:4  | Entered Level 4 of the Swamp
 26005 | Swamp:4  | Reached XP level 18. HP: 122/163 MP: 27/27
 26365 | Swamp:4  | Noticed the 27-headed Lernaean hydra
 26589 | Swamp:4  | Reached skill level 22 in Shields
 26651 | Swamp:4  | Killed the 27-headed Lernaean hydra
 26775 | Swamp:4  | Got a decaying rune of Zot
 26995 | Spider:1 | Entered Level 1 of the Spider Nest
 27751 | Spider:2 | Reached skill level 23 in Shields
 28323 | Spider:2 | Noticed Roxanne
 28360 | Spider:2 | Killed Roxanne
 29359 | Spider:3 | Identified a scroll of acquirement
 29360 | Spider:3 | Acquired the +9 hand crossbow of the Wizarding Stork {elec,
                  | +Blink rC+++ MR- Dex-4}
 29562 | Spider:4 | Entered Level 4 of the Spider Nest
 29597 | Spider:4 | Reached XP level 19. HP: 170/170 MP: 28/28
 29775 | Spider:4 | Paralysed by a hornet for 1 turns
 29789 | Spider:4 | Reached skill level 24 in Shields
 30685 | Spider:4 | Got a gossamer rune of Zot
 31413 | Vaults:1 | Entered Level 1 of the Vaults
 31644 | Vaults:1 | Reached skill level 25 in Shields
 31898 | Vaults:1 | Noticed Saint Roka
 31933 | Vaults:1 | Killed Saint Roka
 32366 | Vaults:1 | Reached XP level 20. HP: 61/179 MP: 29/29
 32841 | Vaults:1 | Cast into level 2 of the Abyss (reaper)
 33119 | Vaults:1 | Escaped the Abyss
 33448 | Vaults:2 | Acquired a scarf of resistance
 34062 | Vaults:2 | Noticed a Brimstone Fiend
 34072 | Vaults:2 | Noticed a Brimstone Fiend
 34440 | Vaults:2 | Found an ornate altar of the Wu Jian Council.
 35364 | Vaults:3 | Found a staircase to the Crypt.
 35795 | Vaults:3 | Noticed Agnes
 35810 | Vaults:3 | Noticed Sojobo
 35852 | Vaults:2 | Killed Agnes
 35852 | Vaults:2 | Reached XP level 21. HP: 181/189 MP: 31/31
 35926 | Vaults:2 | Killed Sojobo
 36060 | Vaults:3 | Cast into level 3 of the Abyss (tengu reaver)
 36060 | Abyss:3  | Found a transporter.
 36121 | Abyss:3  | Noticed an ancient lich
 36142 | Abyss:3  | Killed an ancient lich
 36142 | Abyss:3  | Reached skill level 10 in Armour
 36142 | Abyss:3  | Reached skill level 15 in Invocations
 36171 | Abyss:3  | Found a transporter.
 36176 | Abyss:3  | Found a transporter.
 36177 | Abyss:3  | Got an abyssal rune of Zot
 36220 | Vaults:3 | Escaped the Abyss
 36238 | Vaults:3 | Cast into level 3 of the Abyss (tengu reaver)
 36239 | Abyss:3  | Found a corrupted altar of Lugonu.
 36674 | Vaults:3 | Escaped the Abyss
 37011 | Vaults:3 | Noticed Rupert
 37033 | Vaults:3 | Paralysed by Rupert for 5 turns
 37049 | Vaults:2 | Killed Rupert
 38050 | Vaults:4 | Found Bihos's General Store.
 38051 | Vaults:4 | Found Syequxt's Distillery.
 38071 | Vaults:4 | Bought a scroll of magic mapping for 59 gold pieces
 38083 | Vaults:4 | Bought a potion of berserk rage for 55 gold pieces
 38083 | Vaults:4 | Bought a potion of heal wounds for 55 gold pieces
 38083 | Vaults:4 | Bought 2 potions of resistance for 220 gold pieces
 38083 | Vaults:4 | Bought a potion of mutation for 88 gold pieces
 38083 | Vaults:4 | Bought a potion of might for 44 gold pieces
 38083 | Vaults:4 | Bought a potion of curing for 33 gold pieces
 38083 | Vaults:4 | Bought a potion of curing for 33 gold pieces
 38083 | Vaults:4 | Bought a potion of curing for 33 gold pieces
 38083 | Vaults:4 | Bought a potion of curing for 33 gold pieces
 38403 | Vaults:4 | Found Atovall's Book Emporium.
 38462 | Vaults:4 | Reached XP level 22. HP: 201/202 MP: 34/34
 38570 | Vaults:4 | Found Doenlyll's General Store.
 38763 | Vaults:4 | Reached skill level 10 in Dodging
 39110 | Vaults:4 | Found Kerphargh's Armour Emporium.
 39399 | Vaults:5 | Entered Level 5 of the Vaults
 39630 | Vaults:5 | Noticed a golden dragon
 39728 | Vaults:5 | HP: 10/205 [quicksilver dragon/bolt of dispelling energy
                  | (16)]
 39735 | Vaults:5 | HP: 11/307 [tentacled monstrosity (7)]
 39735 | Vaults:5 | HP: 4/307 [tentacled monstrosity (7)]
 39743 | Vaults:5 | HP: 8/309 [frost giant/bolt of cold (12)]
 39749 | Vaults:5 | Killed from afar by a shadow dragon

Illustrated notes

Levels and vault maps discovered:
D:1:      dpeg_arrival_solitude, layout_basic
D:2:      layout_basic
D:3:      layout_basic, minitemple, uniq_crazy_yiuf_cottage, uniq_grinder
D:4:      layout_rooms, amethyst_overflow_temple_binary, uniq_sigmund,
          uniq_menkaure
D:5:      layout_loops_ring, serial_rivers, chequers_serial_rivers_micro_b,
          chequers_serial_rivers_small_b, chequers_serial_rivers_marsh,
          chequers_serial_rivers_room_b, chequers_serial_rivers_micro_b,
          chequers_serial_rivers_room_b
D:6:      layout_gridville, lemuel_crystal_altar, makhleb_heckhound_becter
D:7:      layout_layer_cave, minmay_temple_entry_statues_fountains
D:8:      layout_cave_pools, serial_shops, shop
D:9:      layout_roguey, lemuel_zombie_altar_yredelemnul, uniq_joseph,
          uniq_maggie, uniq_maurice
D:10:     gammafunk_jiyva_shrine, layout_cave_pools, erik_lair_orcish_takeover,
          serial_column_ruins, column_ruins_hut, column_ruins_hut_pillars,
          column_ruins_open_tiny, column_ruins_corridor_straight,
          column_ruins_open_tiny, column_ruins_open_medium,
          column_ruins_open_small, column_ruins_open_small,
          column_ruins_columns_straight, ebering_ghost_disaster_area
D:11:     layout_rooms, special_room [special_room_orc], grunt_ministairs_11,
          chequers_serial_rivers_marsh
D:12:     layout_basic, hiddenorc2_lemuel, serial_glass, glass_columns_a,
          glass_columns_a
D:13:     layout_layer_cave, grunt_vaults_entry_tiered
D:14:     layout_basic
D:15:     gammafunk_enter_depths_forms, layout_loops_ring
Lair:1:   layout_misc_corridors
Lair:2:   regret_index_bee_streams, layout_big_grid, grunt_megastairs_2,
          lemuel_fruit_fields
Lair:3:   layout_layer_cave, gammafunk_ghost_abyssal_escape, wad_woods_06,
          uniq_nergalle, uniq_urug
Lair:4:   layout_misc_corridors, swamp_mist, dummy_spider_entry
Lair:5:   layout_regular_city, grunt_megastairs_3
Lair:6:   evilmike_catoblepas_cave, layout_misc_corridors, slime_altar_1,
          serial_bayou_shore_a, uniq_sonja
Swamp:1:  layout_basic_swamp, hangedman_swamp_blocks, infiniplex_staircase_pool
Swamp:2:  layout_basic_swamp, hangedman_swamp_ruin_wall, swamp_pool2,
          nicolae_swamp_necromancer_hut, uniq_aizul
Swamp:3:  layout_basic_swamp, evilmike_swamp_ruin_rubble_2
Swamp:4:  swamp_old_school, layout_basic_swamp, swamp_pool5,
          roderic_carrion_pond
Spider:1: spiders_nest_a
Spider:2: layout_spider_delve, uniq_roxanne
Spider:3: layout_chambers, nicolae_spider_cling_ruins
Spider:4: guppyfry_spider_rune
Orc:1:    layout_caves, elves_outpost_lemuel, uniq_erolcha
Orc:2:    st_orc_pillars, layout_diamond_mine
Vaults:1: grunt_vaults_swirl, nicolae_vaults_disjoint_gnomons, vaults_room_grid,
          ontoclasm_vaults_shuriken, v_misc_5, v_misc_26, grunt_vaults_diagonal,
          layout_vaults_maze_snakey, uniq_saint_roka
Vaults:2: nicolae_vaults_little_squares_5, vaults_mumra_minichess_inversion,
          v_misc_15, nicolae_vaults_triangles, v_rooms_2, v_misc_22, v_misc_17,
          nicolae_vaults_network_s, vaults_room_pool, vaults_dpeg_hooks,
          layout_vaults_ring, basic_altar
Vaults:3: v_rooms_1, minmay_crypt_entry_simple_plaza, v_misc_23,
          hangedman_vaults_stitches, v_pattern_2, ontoclasm_vaults_misaligned,
          vaults_room_large_hall, nicolae_vaults_stairing_the_circle, v_misc_26,
          sword_in_stone, hangedman_vaults_slice,
          ontoclasm_vaults_decontamination, layout_vaults_omnicross
Vaults:4: nicolae_vaults_yaktaur_gun_rack, v_misc_29,
          hangedman_vaults_river_flow, hangedman_vaults_maws,
          vaults_mumra_bighexcomb, vaults_room_large_hall, v_pattern_5,
          hangedman_vaults_maws, ontoclasm_vaults_gateway,
          layout_vaults_omnigrid, serial_shops, nicolae_shop_crystal,
          nicolae_shop_statue_plus, shop, shop, shop
Vaults:5

Skill      XL: |  1  2  3  4  5  6  7  8  9 10 11 12 13 14 15 16 17 18 19 20 21 22 |
---------------+-------------------------------------------------------------------+-----
Fighting       | 3 5 6 7 9 10 11 12 14 15 16 18 19 | 19.3
Crossbows      | 4 5 6 7 8 10 | 10.0
Polearms       | 2 4 7 9 11 13 14 | 14.0
Armour         | 1 5 6 9 10 | 10.0
Dodging        | 5 7 9 10 | 10.0
Shields        | 2 8 11 13 15 19 21 23 25 | 25.0
Invocations    | 9 12 14 16 18 | 18.0
Stealth        | |  0.7

Action                   |  1- 3 |  4- 6 |  7- 9 | 10-12 | 13-15 | 16-18 | 19-21 | 22-24 || total
-------------------------+-------+-------+-------+-------+-------+-------+-------+-------++-------
Melee: Short sword       |    88 |       |       |       |       |       |       |       ||    88
       Dagger            |    41 |    37 |    35 |       |       |       |       |       ||   113
       Trident           |       |       |   214 |   769 |  1703 |  2933 |  3019 |   495 ||  9133
 Fire: Hand crossbow     |     9 |    29 |     4 |       |     2 |     4 |       |       ||    48
Invok: Lesser Servant of |       |       |       |       |     6 |     7 |     6 |       ||    19
       Greater Servant o |       |       |       |       |       |       |       |     2 ||     2
Evoke: Wand              |       |       |       |       |       |     1 |       |       ||     1
  Use: Potion            |       |     1 |       |       |     2 |     4 |     5 |     8 ||    20
       Scroll            |       |       |     9 |     2 |    10 |    16 |    14 |     3 ||    54
 Stab: Sleeping          |     2 |       |       |       |       |     1 |       |       ||     3
       Petrified         |       |       |       |     1 |     2 |       |       |       ||     3
       Distracted        |       |       |       |       |     2 |     2 |     2 |       ||     6
       Invisible         |       |       |       |       |       |     7 |       |       ||     7
Armor: Leather armour    |     6 |       |       |       |       |       |       |       ||     6
       Ring mail         |    34 |     8 |     9 |       |       |       |       |       ||    51
       Plate armour      |       |       |   124 |   422 |   505 |  1238 |   799 |   120 ||  3208
Dodge: Dodged            |    91 |    17 |    51 |   105 |   204 |   549 |   695 |   100 ||  1812
Block: Buckler           |       |       |    13 |       |       |       |       |       ||    13
       Tower shield      |       |       |    20 |   553 |  1055 |  2917 |  3136 |   471 ||  8152

Table legend: (Time is in decaauts)
 A = Elapsed time spent in this place.
 B = Non-inter-level travel time spent in this place.
 C = Inter-level travel time spent in this place.
 D = Time resting spent in this place.
 E = Time spent auto-exploring this place.
 F = Levels seen in this place.
 G = Mean time per level.
                   A        B        C        D        E       F      G
               +--------+--------+--------+--------+--------+-----+--------+
         Total |  37245 |  35262 |   1983 |   2996 |  21302 |  41 |  908.4 |
       Dungeon |  12986 |  12169 |    817 |   1317 |   8063 |  15 |  865.7 |
          Lair |   5734 |   5190 |    544 |     54 |   3833 |   6 |  955.7 |
         Swamp |   3531 |   3330 |    201 |     70 |   2160 |   4 |  882.8 |
   Spider Nest |   3789 |   3618 |    171 |    144 |   2237 |   4 |  947.2 |
  Orcish Mines |   1999 |   1881 |    118 |    151 |    911 |   2 |  999.5 |
        Vaults |   6529 |   6400 |    129 |    809 |   3139 |   5 | 1305.8 |
         Abyss |   2675 |   2675 |      0 |    450 |    957 |   5 |  535.0 |
               +--------+--------+--------+--------+--------+-----+--------+
